[Event "Reykjavik Open 2024"]
[Site "Reykjavik"]
[Date "2024.03.19"]
[Round "7.11"]
[White "Fernandez, Daniel Howard"]
[Black "Lu, Miaoyi"]
[Result "0-1"]
[ECO "A14"]
[WhiteElo "2532"]
[BlackElo "2392"]
[Annotator "TA"]
[PlyCount "72"]
[EventDate "2024.03.12"]
[EventCountry "ISL"]
[SourceTitle "playchess.com"]
[Source "ChessBase"]
[SourceQuality "1"]
[TimeControl "40/5400+30:1800+30"]

1. c4 Nf6 2. Nf3 e6 3. g3 d5 4. Bg2 Be7 5. O-O O-O 6. b3 d4 7. e3 c5 8. exd4 cxd4 9. Re1 Nc6 {[%emt 0:00:06] The position is equal.} 10. Ba3 a5 11. d3 {[%emt 0:03:37] [#]} e5 $1 12. Qd2 (12. Bxe7 Qxe7) 12... Nd7 13. h4 (13. Bxe7 $15 Qxe7 14. Qe2) 13... h6 14. h5 ({Better is} 14. Bxe7 $15 Qxe7 15. Qe2) 14... Re8 $17 15. Qd1 {[%emt 0:07:41] [#]} (15. Qe2 $17) 15... Bxa3 $1 $19 16. Nxa3 Nc5 17. Nh4 Nb4 18. Bf1 Qg5 {[%emt 0:03:29] Strongly threatening ...Bg4.} 19. Nb5 (19. Nf3 $142 Qf6 (19... Qxh5 $2 20. Nxe5 Rxe5 21. Qxh5 $19) 20. Nd2) 19... Bg4 20. Qb1 Qd2 (20... Bxh5 21. a3 Nc6 22. Nc7 $15) (20... e4 $142 21. Rxe4 Rxe4 (21... Qxh5 22. Rxd4 Be2 23. Ng2 $15) (21... Bxh5 22. Rxe8+ Rxe8 23. a3 $11) 22. dxe4 d3 (22... Bxh5 23. Nxd4 Qf6 24. Ndf5 $19)) 21. f3 (21. Qc1 $142 Qxc1 22. Rexc1) 21... Bxh5 22. Nc7 $2 (22. Qc1 {keeps fighting.} Qxc1 23. Rexc1) 22... Nbxd3 23. Re2 Qg5 24. Nxe8 (24. Rg2 $142 Bxf3 25. Bxd3 Qe3+ 26. Kh2 Nxd3 27. Nxa8 Rxa8 28. Nxf3 Qxf3 29. Rd2 Qh5+ 30. Kg2) 24... Rxe8 (24... Qxg3+ 25. Rg2 Qxh4 26. Nxg7 $11) 25. Kh2 {[%emt 0:01:28] White is weak on the dark squares} e4 26. a3 f5 {[%emt 0:07:11] aiming for ...f4.} 27. Bh3 {[%emt 0:01:50] [#]} Nf4 $1 {[%emt 0:02:26][%mdl 512] A dynamic duo of knights.} 28. Re1 (28. Rea2 Nxh3) 28... Nxh3 ({Inferior is} 28... exf3 29. Rxe8+ Bxe8 30. Nxf3 $11) 29. Kxh3 Bxf3 {[%emt 0:00:25] ( -> ...f4)} 30. b4 Qg4+ 31. Kh2 {[%emt 0:00:02] [#]} f4 $1 {[%emt 0:00:07][%csl Gf4][%cal Rg4g3] Black mates.} 32. Nxf3 (32. Kg1 Qxg3+) 32... Qxg3+ 33. Kh1 Qxf3+ 34. Kg1 {[%emt 0:00:06] [#]} Re6 $1 35. Ra2 (35. Qxe4 Nxe4) 35... Rg6+ 36. Kh2 Qh5# {[%emt 0:00:01] Black took control after the opening.   Weighted Error Value: White=1.19/Black=0.32.  Mistake:       	White=7     	Black=1      Inaccurate:     	White=5     	Black=1      OK:         	White=5     	Black=9      Best:        	---       	Black=3} 0-1

[Event "Reykjavik Open 2024"]
[Site "Reykjavik"]
[Date "2024.03.19"]
[Round "7.12"]
[White "Yilmazyerli, Mert"]
[Black "Dauner, Benedikt"]
[Result "1-0"]
[ECO "D37"]
[WhiteElo "2526"]
[BlackElo "2366"]
[Annotator "TA"]
[PlyCount "33"]
[EventDate "2024.03.12"]
[EventCountry "ISL"]
[SourceTitle "playchess.com"]
[Source "ChessBase"]
[SourceQuality "1"]
[TimeControl "40/5400+30:1800+30"]

1. d4 d5 2. c4 e6 3. Nc3 Nf6 4. Nf3 Nbd7 5. Qc2 dxc4 6. e4 c5 7. d5 (7. dxc5 $14 Bxc5 8. Bxc4) 7... exd5 $11 8. e5 {[%emt 0:00:26] The position is equal.} Ng4 {[%emt 0:03:57] [#]} (8... Qe7 9. Qe2 $11) (8... Nxe5 $1 $15 {stays ahead.} 9. Nxe5 Bd6 10. Qa4+ Kf8) 9. Bg5 $1 $16 (9. Nxd5 Ndxe5 10. Bxc4 Bd6 11. Nxe5 Nxe5 12. Bb5+ Bd7 13. Bxd7+ Qxd7 $17) 9... Qa5 {[%emt 0:11:04] Black cannot hold the game after this.} (9... Be7 $16 10. Bxe7 Kxe7) 10. O-O-O $18 Nb6 {[%emt 0:14:48] [#]} (10... h6 {keeps fighting.}) 11. Bxc4 $1 Nxc4 (11... d4 12. Bb5+) 12. Nxd5 b5 {[%emt 0:06:42] [#] Prevents Qa4} (12... Ncxe5 $2 {too greedy.} 13. Qa4+ Bd7 14. Qxa5 $18) (12... Nd6 13. exd6 Bxd6) 13. Qe4 $1 {[%emt 0:05:54][%cal Od5c7] White wants to mate with Nc7+!} f5 14. exf6+ Kf7 15. Bd2 Qxa2 16. Ng5+ Kg8 17. f7# {[%emt 0:00:05] Weighted Error Value: White=0.12 (very precise) /Black=1.48.  Mistake:       	White=1     	Black=4      Inaccurate:     	White=1     	---        OK:         	White=2     	Black=1      Best:        	White=1     	Black=1      Strong:       	White=2     	---} 1-0

[Event "Reykjavik Open 2024"]
[Site "Reykjavik"]
[Date "2024.03.19"]
[Round "7.13"]
[White "Moksh Amit Doshi"]
[Black "Prraneeth Vuppala"]
[Result "1/2-1/2"]
[ECO "D38"]
[WhiteElo "2353"]
[BlackElo "2506"]
[Annotator "TA"]
[PlyCount "49"]
[EventDate "2024.03.12"]
[EventCountry "ISL"]
[SourceTitle "playchess.com"]
[Source "ChessBase"]
[SourceQuality "1"]
[TimeControl "40/5400+30:1800+30"]

1. d4 Nf6 2. c4 e6 3. Nf3 d5 4. Nc3 Bb4 5. Bg5 h6 6. Bxf6 Qxf6 7. Qa4+ Nc6 8. e3 O-O 9. Be2 dxc4 10. O-O Qe7 11. Bxc4 Na5 12. Bd3 c5 (12... Bxc3 $11 13. bxc3 b6) 13. dxc5 Bxc3 14. bxc3 Nc6 15. Qb5 Rb8 16. Bc2 Bd7 17. Qd3 {[%emt 0:01:27] Wards off Nd4} g6 $1 18. h4 {[%emt 0:06:54][%cal Bh2h4,Bh4h5][%mdl 32] White is more active.} Rfd8 {[%emt 0:06:28] [#]} 19. h5 $1 Be8 20. Qc4 {[%emt 0:05:47] aiming for hxg6.} (20. Nd4 $5) 20... g5 21. Rfd1 {[%emt 0:11:50] Repels Rd5} Na5 22. Qb4 Nc6 23. Qc4 Na5 24. Qb4 {[%emt 0:01:45] [#] Threatens to win with Rxd8.} Nc6 25. Qc4 {[%emt 0:01:12] Weighted Error Value: White=0.11 (very precise) /Black=0.05 (flawless) .  Mistake:       	---       	Black=1      Inaccurate:     	White=1     	---        OK:         	White=4     	Black=7      Best:        	---       	Black=2      Strong:       	---       	Black=1} 1/2-1/2

[Event "Reykjavik Open 2024"]
[Site "Reykjavik"]
[Date "2024.03.19"]
[Round "7.14"]
[White "Stefansson, Hannes"]
[Black "Heimisson, Hilmir Freyr"]
[Result "1-0"]
[ECO "A17"]
[WhiteElo "2481"]
[BlackElo "2355"]
[Annotator "TA"]
[PlyCount "105"]
[EventDate "2024.03.12"]
[EventCountry "ISL"]
[SourceTitle "playchess.com"]
[Source "ChessBase"]
[SourceQuality "1"]
[TimeControl "40/5400+30:1800+30"]

1. Nf3 d5 2. e3 Nf6 3. c4 e6 4. Nc3 c5 5. cxd5 exd5 6. Bb5+ Nbd7 7. d4 a6 8. Bxd7+ {[%emt 0:02:38] The position is equal.} Bxd7 9. O-O Bd6 (9... c4 $11) 10. dxc5 (10. Nxd5 $5 Nxd5 11. dxc5 Bxh2+ 12. Nxh2 $16) 10... Bxc5 11. b3 (11. Nxd5 Bb5 12. Nxf6+ Qxf6 $11) 11... Bg4 12. Bb2 O-O 13. h3 Bh5 14. Ne2 Bxf3 15. gxf3 Be7 16. Qd3 Qd7 17. Kh2 Rfd8 18. Rg1 {[%emt 0:06:04] Active counter play!} a5 19. Ng3 (19. Rad1 {looks sharper.} Ra6 20. a4 g6 21. Rc1) 19... Ra6 20. Nf5 Bf8 21. Nh6+ Kh8 22. Ng4 {[%emt 0:00:14] Black must now prevent Nxf6. The board is on fire.} (22. Qf5 $5) 22... Ne8 23. Ne5 Qe7 24. Rg4 Re6 25. f4 Nf6 26. Rg2 Ne4 27. Rag1 f6 28. Nf3 (28. Ba3 {with more complications.} Qe8 29. Bxf8 Qxf8 30. Nf3) 28... Ra6 29. Nd4 Rd7 30. Qd1 Qe8 31. Kh1 a4 32. f5 ({Better is} 32. bxa4 $14 Rc7 33. f5) 32... axb3 $11 33. axb3 Ra2 34. f3 Ng5 (34... Ng3+ $6 35. Rxg3 Rxb2 36. Ne6 $16) 35. h4 Nh3 (35... Bd6 $14) 36. Re1 $2 (36. Rf1 $1 $18 {is the precise move to win.}) 36... Qh5 {[%emt 0:00:40] [#]} 37. Ree2 (37. Ne6 $2 Qxh4 38. Qb1 Bd6 $19) (37. Rh2 $1 $16 {Ree2 would now be deadly.} Qxh4 38. Ree2) 37... Bd6 (37... Qxh4 38. Rh2 Bd6 39. f4 $14) 38. Rg4 {[%emt 0:00:59] aiming for Qb1.} Re7 $2 {[%emt 0:00:33] [#] White leaves nothing to chance now.} (38... Ng5 $1 $14 39. Ne6 Nxe6 (39... Nxf3 $2 40. Rc2 $18) 40. fxe6 Rc7) 39. Qb1 $1 $18 ({Inferior is} 39. Kg2 Ng5 40. Rc2 (40. hxg5 Rxb2 41. Rxb2 Qh2+ 42. Kf1 Qxb2 $14) 40... h6 $14 (40... Rxe3 $2 41. Re4 $18)) 39... Ra8 (39... Rxb2 $142 40. Qxb2 Ng5) 40. Kg2 Ng5 41. hxg5 Qh2+ 42. Kf1 Qh3+ 43. Kg1 {[%emt 0:00:00] Strongly threatening gxf6.} Rae8 44. Qf1 Qh5 45. Ne6 Rxe6 46. fxe6 f5 47. Rgg2 f4 48. Bd4 fxe3 49. Rxe3 Qh4 50. Qd1 Bf4 51. Ree2 Qh5 {[%emt 0:02:18] [#]} 52. Bxg7+ $1 Kg8 (52... Kxg7 53. Qd4+) 53. Qxd5 {[%emt 0:00:00] Weighted Error Value: White=0.24 (precise) /Black=0.39.  Loses game:     	---       	Black=2      Missed win:     	White=1     	---        Mistake:       	White=2     	Black=2      Inaccurate:     	White=4     	Black=6      OK:         	White=13    	Black=8      Best:        	White=1     	Black=1      Strong:       	White=1     	---} 1-0

[Event "Reykjavik Open 2024"]
[Site "Reykjavik"]
[Date "2024.03.19"]
[Round "7.15"]
[White "Steingrimsson, Hedinn"]
[Black "Kistrup, Nicolai"]
[Result "1-0"]
[ECO "A29"]
[WhiteElo "2477"]
[BlackElo "2324"]
[Annotator "TA"]
[PlyCount "125"]
[EventDate "2024.03.12"]
[EventCountry "ISL"]
[SourceTitle "playchess.com"]
[Source "ChessBase"]
[SourceQuality "1"]
[TimeControl "40/5400+30:1800+30"]

1. c4 e5 2. Nc3 Nf6 3. Nf3 Nc6 4. g3 Bb4 5. Nd5 e4 6. Nh4 O-O 7. Bg2 Re8 8. a3 {[%emt 0:00:23] White has an edge.} Bc5 9. O-O d6 10. d3 h6 {[%emt 0:00:11] Against Bg5} (10... exd3 $11 11. Qxd3 Ne5) 11. Nxf6+ $14 Qxf6 12. Bxe4 ({Much weaker is} 12. dxe4 $6 Qd4 $11) 12... Bg4 13. Ra2 a5 14. b3 Nd4 15. Be3 c6 16. Bxd4 Qxd4 17. Bf3 Bh3 18. e3 $36 {[%emt 0:00:39][%mdl 2048] Keeping Black busy.} Qc3 19. Bg2 Bxg2 20. Kxg2 Qf6 21. d4 Bb6 22. Qf3 {[%emt 0:00:04] aiming for Qxf6.} Qxf3+ 23. Kxf3 g6 24. g4 Kg7 25. Ng2 f5 26. gxf5 Rf8 27. Ke2 {[%emt 0:02:08] fxg6 would now be deadly.} Rxf5 28. Rg1 Re8 29. Rd2 Kh7 30. h4 Re4 31. f3 Re7 32. Rh1 Bd8 33. e4 Rf8 34. Rh3 Ref7 35. Kf2 h5 36. f4 Re8 37. Re3 Kh6 38. Kg3 Rfe7 39. Kf3 Bb6 40. Ree2 Rf7 41. Kg3 Rfe7 42. Kf3 Rf7 $1 43. Ke3 c5 44. d5 Bd8 45. Kd3 Bf6 46. Rd1 Rfe7 47. Rb1 (47. Rde1 $18) 47... Ra8 {[%emt 0:01:27] [#]} (47... Bd4 $16 48. Rbe1 Kg7) 48. a4 $1 $18 Rae8 49. Rf1 Rf7 $2 {[%emt 0:03:10] [#]} (49... Bd4 50. f5 Rf7) 50. e5 $1 {[%emt 0:00:00][%cal Be4e5,Be5e6][%mdl 544] White is clearly winning.} Bg7 ({But not} 50... Bxe5 51. Rfe1) (50... Bd8 51. e6) 51. e6 (51. exd6 Rxe2 52. Kxe2 Bf8 $16) 51... Rff8 {[%emt 0:00:42] Black is weak on the light squares} 52. Ne3 Bf6 53. Rh2 Bd4 54. f5 Bxe3 55. Kxe3 gxf5 {[%emt 0:01:35][%mdl 4096] Endgame. KRR-KRR} 56. Rg2 Rg8 57. Rxg8 Rxg8 58. Rxf5 {[%emt 0:00:00] KR-KR} Rg1 59. Rf6+ Kg7 60. Rf7+ Kg6 61. Rxb7 Kf6 62. Rf7+ Kg6 63. Rd7 {[%emt 0:00:29] Weighted Error Value: White=0.08 (flawless) /Black=0.21 (precise) .  Mistake:       	White=1     	Black=3      Inaccurate:     	White=2     	Black=3      OK:         	White=22    	Black=17     Best:        	White=2     	Black=1      Strong:       	---       	Black=1      Brilliant:      	White=1     	---} 1-0

[Event "Reykjavik Open 2024"]
[Site "Reykjavik"]
[Date "2024.03.19"]
[Round "7.16"]
[White "Karsten, Jan"]
[Black "Zhu, Jiner"]
[Result "0-1"]
[ECO "A14"]
[WhiteElo "2323"]
[BlackElo "2467"]
[Annotator "TA"]
[PlyCount "54"]
[EventDate "2024.03.12"]
[EventCountry "ISL"]
[SourceTitle "playchess.com"]
[Source "ChessBase"]
[SourceQuality "1"]
[TimeControl "40/5400+30:1800+30"]

1. c4 Nf6 2. g3 e6 3. Bg2 d5 4. Nf3 Be7 5. O-O O-O 6. b3 d4 7. e3 c5 8. Ne5 {[%emt 0:00:07] Dodges Nc6} Qc7 9. f4 Nfd7 {[%emt 0:00:10] The position is equal.} 10. exd4 cxd4 11. Nd3 Nc6 12. Ba3 {[%emt 0:05:40] [#] Black must now prevent Bxc6.} Qd8 13. Qc1 a5 14. c5 (14. Bxe7 $11 Qxe7 15. Na3) 14... e5 $17 15. Bb2 Nb4 16. Nxb4 {[%emt 0:08:30] Now White is beyond hope.} (16. Nxe5 $17 Nxc5 17. Qc4) 16... axb4 $19 17. fxe5 Nxc5 (17... Bxc5 18. e6 fxe6 19. a3 $17) (17... Nxe5 18. a3 Nd3 19. Qc2 Nxb2 (19... Nxc5 $2 20. axb4 Rxa1 21. Bxa1 $17) 20. Qxb2 Bxc5 21. Kh1 $19) 18. Qc2 d3 19. Qc4 Be6 20. Qf4 Qd7 21. Rc1 Ra5 {[%emt 0:01:06] Strongly threatening ...Rfa8.} 22. Bd4 $2 (22. Qd4) 22... Rd8 {[%emt 0:00:50] Black is clearly winning.} 23. Bb2 Rda8 24. Qxb4 {[%emt 0:01:00] [#]} (24. Re1 $142) 24... Nxb3 $1 25. Qxb7 Qxb7 (25... Rxa2 26. Qxa8+ Rxa8 27. Rxa8+ Bf8 28. Ba3 $18) 26. Bxb7 Nxc1 27. Bxa8 Ne2+ {[%emt 0:00:12] Weighted Error Value: White=0.63/Black=0.16 (very precise) .  Loses game:     	White=1     	---        Mistake:       	White=3     	---        OK:         	White=7     	Black=7      Best:        	---       	Black=1} (27... Rxa2 28. Rxa2 Nxa2 29. Bf3 $15) ({Weaker is} 27... Nxa2 28. Be4 $17) 0-1

[Event "Reykjavik Open 2024"]
[Site "Reykjavik"]
[Date "2024.03.19"]
[Round "7.17"]
[White "Mardell, Jimmy"]
[Black "Hjartarson, Johann"]
[Result "0-1"]
[ECO "E46"]
[WhiteElo "2172"]
[BlackElo "2460"]
[Annotator "TA"]
[PlyCount "62"]
[EventDate "2024.03.12"]
[EventCountry "ISL"]
[SourceTitle "playchess.com"]
[Source "ChessBase"]
[SourceQuality "1"]
[TimeControl "40/5400+30:1800+30"]

1. d4 Nf6 2. c4 e6 3. Nc3 Bb4 4. e3 O-O 5. Nge2 d5 6. a3 Be7 7. cxd5 exd5 8. Nf4 c6 9. Bd3 Re8 10. O-O Nbd7 11. f3 Nf8 12. Bc2 Ne6 13. Nxe6 {[%emt 0:06:18] Die Stellung ist ausgeglichen.} Bxe6 14. e4 g6 15. e5 Nh5 16. g4 Ng7 17. f4 {[%emt 0:00:05] [#] Und f5 würde nun gewinnen.} f5 18. g5 Kf7 19. Kg2 (19. Rf3 $14) 19... Rh8 $11 20. Rh1 h6 21. h4 hxg5 22. hxg5 Rxh1 23. Qxh1 Qb6 24. Qd1 Rh8 25. b4 {[%emt 0:11:53] Danach ist Weiß chancenlos.} (25. Qd3 $15) 25... Rh4 $19 26. Kg3 $2 {[%emt 0:05:51] [#]} (26. Qd3 Qd8 27. Nd1) 26... Bxg5 $1 {[%emt 0:21:20][%mdl 512] Weiss muss nun ...Nh5+ beachten. Schwarz steht klar auf Gewinn.} 27. fxg5 (27. Ne2 Be7) 27... Rxd4 28. Na4 Rg4+ 29. Kf3 Qd8 {[%emt 0:00:07] Und jetzt ...Qh8 wäre schön.} 30. Nc5 Qh8 31. Qf1 {[%emt 0:00:18] Verhindert Qh3+.} Qh2 {[%emt 0:00:47] Gewichteter Fehlerwert: Weiß=0.99/Schwarz=0.03 (makellos) .  Verlustzug:     	Weiß=1     	---        Fehler:       	Weiß=2     	---        Ungenau:       	Weiß=3     	Schwarz=1     OK:         	Weiß=5     	Schwarz=8     Bester:       	Weiß=1     	Schwarz=1     Brilliant:      	---       	Schwarz=1} 0-1

[Event "Reykjavik Open 2024"]
[Site "Reykjavik"]
[Date "2024.03.19"]
[Round "7.18"]
[White "Larkin, Vladyslav"]
[Black "Papadiamandis, Elliot"]
[Result "1/2-1/2"]
[ECO "B20"]
[WhiteElo "2450"]
[BlackElo "2302"]
[Annotator "TA"]
[PlyCount "30"]
[EventDate "2024.03.12"]
[EventCountry "ISL"]
[SourceTitle "playchess.com"]
[Source "ChessBase"]
[SourceQuality "1"]
[TimeControl "40/5400+30:1800+30"]

1. e4 c5 2. Ne2 d6 3. g3 h5 4. h3 e5 5. Bg2 Ne7 6. c3 h4 7. g4 Ng6 8. d4 {[%emt 0:00:18] White has an edge.} Be7 9. dxc5 dxc5 10. Qxd8+ Bxd8 11. Na3 Be6 12. Be3 Bb6 13. Nb5 Ke7 {[%emt 0:04:35] Dodges Nd6} 14. Rd1 {[%emt 0:00:20] Dodges Nd7} Na6 (14... c4 $11) 15. b3 $2 {[%emt 0:31:44] [#] White is more active.} (15. f4 $1 $14 {is the one way to stay ahead.}) 15... Rhd8 {[%emt 0:07:51] Weighted Error Value: White=0.38/Black=0.22 (precise) .  Mistake:       	White=1     	Black=2      Inaccurate:     	White=2     	---        OK:         	White=2     	Black=2} (15... c4 $1 $17 16. Nc1 (16. Bxb6 $2 axb6 17. b4 Rhd8 $19) 16... Bxe3 17. fxe3 Rhd8) 1/2-1/2

[Event "Reykjavik Open 2024"]
[Site "Reykjavik"]
[Date "2024.03.19"]
[Round "7.20"]
[White "Cornette, Matthieu"]
[Black "Dimitrijeski, Boris"]
[Result "1-0"]
[ECO "D11"]
[WhiteElo "2575"]
[BlackElo "2183"]
[Annotator "TA"]
[PlyCount "99"]
[EventDate "2024.03.12"]
[EventCountry "ISL"]
[SourceTitle "playchess.com"]
[Source "ChessBase"]
[SourceQuality "1"]
[TimeControl "40/5400+30:1800+30"]

1. d4 d5 2. c4 c6 3. Nf3 Nf6 4. g3 Bf5 5. Nc3 e6 6. Nh4 dxc4 7. Nxf5 exf5 8. Bg2 {[%emt 0:00:25] Die Stellung ist ausgeglichen.} Nbd7 9. d5 Nxd5 10. Nxd5 cxd5 11. Qxd5 Bb4+ 12. Kf1 O-O 13. Bf4 (13. Qxf5 $5 Re8 14. Bf4 $16 (14. Bxb7 Rb8 $16)) 13... Nb6 (13... Rc8 $11 {bleibt in der Remisbreite.}) 14. Qxf5 $16 {[%emt 0:05:44] Weiß steht aktiver.} g6 15. Qc2 Qe7 16. Bf3 Rfd8 17. Kg2 Bd6 18. Bxd6 Rxd6 19. a4 a5 20. Rhd1 (20. Qc3 $14) 20... Rad8 21. Rxd6 Qxd6 22. Qc3 Qd2 23. Bxb7 (23. Qe5 {scheint wilder zu sein.} Qb4 24. h4 h5 25. Bxh5 Qd6 26. Qg5) 23... Qxc3 (23... Qxe2 24. Re1 (24. Qxa5 Qxb2 25. Qe1 Nxa4 $11) (24. Qf6 Rb8 $11) 24... Qd3 25. Qxa5 $18) 24. bxc3 $14 {[%emt 0:00:09][%mdl 4096] Endspiel. KRB-KRN} Rd2 25. Bc6 $1 Rb2 {[%emt 0:01:12][%cal Og8f8] Verhindert Rb1} 26. Rd1 Ra2 27. Bb5 Ra3 28. Rd6 Nxa4 29. Bxc4 {[%emt 0:00:21] Zielt auf Rd7 ab.} Rxc3 30. Bd5 Nc5 {[%emt 0:00:00] Verhindert Rd7} (30... Rc7 $1 $11) 31. Rf6 $16 {[%emt 0:01:07] Weiß behält die Zügel nun fest in der Hand.} Ne6 32. Bxe6 fxe6 33. Rxe6 {[%emt 0:00:03] KR-KR} a4 34. Ra6 a3 35. Ra7 Rc2 36. e3 (36. Rxa3 $6 Rxe2 37. Kf3 Rb2 $14) 36... a2 37. h4 Kf8 {[%emt 0:00:21] [#]} (37... h5 $16 {war einen Versuch wert.} 38. Kf3 Kf8) 38. g4 $1 $18 Ke8 {[%emt 0:00:42] [#]} 39. Kg3 $1 (39. Rxh7 a1=Q (39... a1=B 40. h5 $14) 40. Kf3 Qf6+ 41. Ke4 Rc4+ (41... Qxf2 42. Rb7 Qg2+ 43. Kd3 Qd2+ 44. Ke4 Rc4+ 45. Kf3 Qd5+ 46. Kg3 Qxb7 47. g5 Qe4 48. Kf2 Rc2+ 49. Kg3 Qxe3+ 50. Kg4 Rg2#) (41... Rxf2 42. Kd3 Qf3 43. Ra7 Qd5+ 44. Kc3 Qc5+ 45. Kd3 Qxa7 46. h5 Qd7+ 47. Kc3 Qd1 48. g5 Rc2+ 49. Kb4 Qb1+ 50. Ka5 Ra2#) 42. Kd3 Qc3+ (42... Rxg4 $2 43. f4 $19) 43. Ke2 Qc2+ (43... Rxg4 $2 44. Kf3 $19) 44. Ke1 Rxg4 45. Rh8+ Ke7 46. Rh7+ Kd6) 39... Kd8 $2 (39... Re2 40. Kf3 (40. Rxh7 $2 {verliert.} a1=Q $19) 40... Rc2) 40. f4 Kc8 41. f5 gxf5 {[%emt 0:30:14] Weiß steht klar auf Gewinn.} 42. gxf5 Kb8 43. Ra3 Kc7 44. Kf4 Kd6 45. Ra5 Re2 (45... h6 $142 46. e4 Kc6) 46. e4 Rf2+ 47. Kg5 {[%emt 0:00:00] Droht stark e5+.} Re2 {[%emt 0:00:00] [#]} 48. e5+ $1 Rxe5 49. Rxa2 Re4 50. h5 {[%emt 0:00:00] Gewichteter Fehlerwert: Weiß=0.07 (makellos) /Schwarz=0.26 (präzise) .  Fehler:       	Weiß=1     	Schwarz=5     Ungenau:       	Weiß=2     	Schwarz=5     OK:         	Weiß=14    	Schwarz=15    Bester:       	Weiß=6     	Schwarz=4     Stark:        	Weiß=2     	---} 1-0

[Event "Reykjavik Open 2024"]
[Site "Reykjavik"]
[Date "2024.03.19"]
[Round "7.21"]
[White "Mai, Alexander Oliver"]
[Black "Klimkowski, Jan"]
[Result "1/2-1/2"]
[ECO "B51"]
[WhiteElo "2160"]
[BlackElo "2532"]
[Annotator "TA"]
[PlyCount "79"]
[EventDate "2024.03.12"]
[EventCountry "ISL"]
[SourceTitle "playchess.com"]
[Source "ChessBase"]
[SourceQuality "1"]
[TimeControl "40/5400+30:1800+30"]

1. e4 c5 2. Nf3 d6 3. Bb5+ Nd7 4. d4 cxd4 5. Qxd4 a6 6. Bxd7+ Bxd7 7. Nc3 Nf6 8. Bg5 e6 9. O-O-O {[%emt 0:11:23] Threatens to win with e5.} Be7 10. e5 {[%emt 0:02:25] White is much more active.} dxe5 11. Nxe5 {[%emt 0:00:07] White is slightly better.} Bc6 12. Nxc6 bxc6 13. Qc4 Qb6 14. Be3 Qb7 15. Bc5 {[%emt 0:05:39] Hoping for Bxe7.} O-O 16. Bxe7 Qxe7 17. Qxc6 Rfc8 18. Qf3 Rab8 19. a3 {[%emt 0:06:58] Against Qb4} Qc7 20. Rd2 $1 Nd7 21. Rhd1 $36 {[%emt 0:11:20][%mdl 2048] White fights for an advantage.} Ne5 ({Black should play} 21... Nb6 $1 $14) 22. Qg3 $16 h6 23. Rd4 (23. Ne4 $1 $18 {[%cal Re4d6] Nd6 would now be deadly.} Qa5 24. Nd6) 23... a5 24. Re4 $2 ({Better is} 24. R1d2 $1 $16) 24... f6 $2 (24... Qb7 $1 $15 {keeps the upper hand.} 25. Qxe5 Qxb2+ 26. Kd2 Rxc3 27. Qxc3 Rd8+ 28. Ke2 Qxc3 29. Rxd8+ Kh7) 25. Rdd4 (25. f4 $16 Nc4 26. Red4) 25... Qb7 26. b3 Rc7 (26... Rc6 $1 $14) 27. f4 Rbc8 28. Re3 (28. fxe5 $2 {is the wrong capture.} Rxc3 29. Qf2 Qxb3 $19) 28... Nd7 29. Rd2 Nc5 30. Rde2 (30. a4 $16) 30... Rd7 $2 {[%emt 0:02:12] [#]} (30... Nxb3+ $1 $11 31. cxb3 Qxb3) 31. Ne4 $1 Nxe4 32. Rxe4 Qd5 {[%emt 0:00:31][%cal Oc8c2] [#]} 33. Rxe6 (33. Qe3 $1 $18) 33... Rxc2+ 34. Kxc2 ({White should try} 34. Rxc2 $16 {[%cal Og3g6] Strongly threatening Qg6!} Qxe6 35. Qc3) 34... Qd1+ $11 {[%emt 0:00:39] The position is equal.} 35. Kb2 Rd2+ 36. Rxd2 Qxd2+ 37. Kb1 Qd1+ 38. Kb2 Qd2+ 39. Kb1 Qd1+ 40. Kb2 {[%emt 0:00:07] Weighted Error Value: White=0.27 (precise) /Black=0.26 (precise) .  Mistake:       	White=6     	Black=4      Inaccurate:     	White=1     	Black=2      OK:         	White=7     	Black=9      Best:        	White=4     	Black=4      Strong:       	White=2     	---} 1/2-1/2